 Dungeon Crawl Stone Soup version 0.30-a0-847-g17996783a1 (webtiles) character file.

Game seed: 16087718485303875827

146 holysushi the Cutter (level 5, -12/41 HPs)
             Began as a Demonspawn Monk on Mar 3, 2023.
             Was an Initiate of Yredelemnul.
             Mangled by an ogre
             ... wielding a +0 giant club
              (33 damage)
             ... on level 4 of the Dungeon.
             The game lasted 00:03:14 (2883 turns).

holysushi the Cutter (Demonspawn Monk)              Turns: 2883, Time: 00:03:15

Health: -12/41     AC:  9    Str: 11    XL:     5   Next: 7%
Magic:  5/5        EV: 13    Int: 12    God:    Yredelemnul [......]
Gold:   122        SH:  0    Dex: 17    Spells: 4/4 levels left

rFire   . . .      SeeInvis .    a - +0 short sword
rCold   . . .      Faith    .    (no shield)
rNeg    . . .      Spirit   .    b - +0 robe
rPois   .          Reflect  .    (no helmet)
rElec   .          Rampage  .    (no cloak)
rCorr   .                        (no gloves)
Will    +....                    u - +0 pair of boots
Stlth   ++                       (no amulet)
HPRegen 0.26/turn                d - ring of willpower
MPRegen 0.09/turn                f - +4 ring of protection

@: brilliant, invisible
A: slimy green scales 1, weakness stinger 1
a: Renounce Religion, Recall Undead Harvest


You were on level 4 of the Dungeon.
You worshipped Yredelemnul.
Yredelemnul was noncommittal.
You visited 1 branch of the dungeon, and saw 4 of its levels.

You collected 122 gold pieces.

Inventory:

Hand Weapons
 a - a +0 short sword (weapon)
 j - a +4 mace of protection
Armour
 b - a +0 robe (worn)
 u - a +0 pair of boots (worn)
Jewellery
 d - a ring of willpower (left hand)
 f - a +4 ring of protection (right hand)
Wands
 v - a wand of roots (1)
Scrolls
 g - 3 scrolls of identify {unknown}
 k - a scroll of enchant armour {unknown}
 l - a scroll of fog {unknown}
 n - a scroll of blinking {unknown}
 p - a scroll of teleportation {unknown}
 q - a scroll of immolation {unknown}
 r - a scroll of poison {unknown}
 t - a scroll of enchant weapon {unknown}
Potions
 c - a potion of ambrosia
 h - 2 potions of curing
 m - a potion of might {unknown}
 o - a potion of flight {unknown}
 s - a potion of lignification {unknown}


   Skills:
 - Level 3.0 Fighting
 + Level 5.3 Short Blades
 - Level 2.6 Dodging
 - Level 1.7 Stealth


You had 4 spell levels left.
You didn't know any spells.
Your spell library contained the following spells:

 Spells                   Type           Power      Damage    Failure   Level
 Apportation              Tloc           0%         N/A       32%         1
 Beastly Appendage        Tmut           0%         N/A       32%         1
 Freeze                   Ice            0%         1d3       32%         1
 Sting                    Tmut/Pois      0%         1d3       32%         1
 Blink                    Tloc           0%         N/A       45%         2
 Poisonous Vapours        Pois/Air       0%         N/A       45%         2
 Manifold Assault         Tloc           0%         N/A       97%         4
 Olgreb's Toxic Radiance  Pois           0%         N/A       97%         4
 Storm Form               Tmut/Air       0%         N/A       100%        7


Dungeon Overview and Level Annotations

Branches:
Dungeon (4/15) Zot: 21161
 Temple: D:4-7

Altars:
Cheibriados
Makhleb
Yredelemnul


Innate Abilities, Weirdness & Mutations

You are partially covered in slimy green scales. (AC +2)
You have a small tail.


Message History

The ball python constricts you.
You see here a green potion.
You hit the ball python.
You kill the ball python!
The dead are slithering!
No target in view!
You swap places.
h - 3 green potions (gained 1)
You swap places.
Found a club.
You now have 122 gold pieces (gained 13).
Found 17 gold pieces.
An ogre comes into view. It is wielding a +0 giant club.
Setting a skill training target for Short Blades at 10.0.
Unknown command.
Okay, then.
Okay, then.
Okay, then.
Okay, then.
You swap places.
It was a potion of brilliance.
You feel clever all of a sudden.
It was a potion of curing.
You feel better.
It was a potion of invisibility.
You fade into invisibility!
Found a twisted gilded ring.
Your ball python zombie barely misses the ogre.
You hit the ogre but do no damage.
Your endoplasm zombie hits the ogre.
The ogre hits you with a +0 giant club!!
Ouch! That really hurt!
You completely miss the ogre.
Your ball python zombie bites the ogre.
You hit the ogre but do no damage.
The ogre is lightly wounded.
Your endoplasm zombie hits the ogre.
Your ball python zombie bites the ogre.
You barely miss the ogre.
The ogre is lightly wounded.
The ogre hits you with a +0 giant club!!
Ouch! That really hurt!
You die...
Your body rises from the dead as a mindless zombie.

##=..........
##............
##.............
#.........$..#
#..........$.#.
##......).......
#.....$.ZOZ....) #
#.......@Z......
##.##..............
#..................
..##..............
#..............
#.......#....#.
#..#######.....
###.#.######.....##..##
#..........##..........♣


You could see an ogre (unable to see you, ally target), a friendly ball python
zombie, a friendly endoplasm zombie and a friendly orc zombie.

Vanquished Creatures
  A scorpion (D:4)
  2 adders
  An ufetubus (D:2)
  2 dart slugs
  An orc (D:4)
  A bat (D:2)
  9 endoplasms
  4 giant cockroaches
  3 goblins
  3 hobgoblins
  4 jackals (D:2)
  9 kobolds
  3 quokkas
  5 ball pythons
  A frilled lizard (D:3)
  6 rats
55 creatures vanquished.

Notes
Turn   | Place    | Note
-------+----------+-------------------------------------------
     0 | D:1      | holysushi the Demonspawn Monk began the quest for the Orb.
     0 | D:1      | Reached XP level 1. HP: 18/18 MP: 1/1
    84 | D:1      | Reached skill level 3 in Short Blades
   257 | D:1      | Gained mutation: You are partially covered in slimy green
                  | scales. (AC +2) [demonic ancestry]
   257 | D:1      | Reached XP level 2. HP: 15/24 MP: 2/2
  1074 | D:2      | Reached XP level 3. HP: 29/29 MP: 3/3
  1128 | D:2      | Reached skill level 4 in Short Blades
  1305 | D:2      | Found a burning altar of Makhleb.
  1806 | D:3      | Got Qeicoidy's Even Apprentices Can Use the Histories of
                  | Mysteries!
  1921 | D:3      | Gained mutation: You have a small tail. [demonic ancestry]
  1921 | D:3      | Reached XP level 4. HP: 35/35 MP: 4/4
  2437 | D:3      | Found a basalt altar of Yredelemnul.
  2540 | D:3      | Became a worshipper of Yredelemnul the Dark
  2540 | D:3      | Reached * piety under Yredelemnul
  2540 | D:3      | Reached ** piety under Yredelemnul
  2615 | D:4      | Noticed a scorpion
  2646 | D:4      | Killed a scorpion
  2647 | D:4      | Reached skill level 5 in Short Blades
  2647 | D:4      | Reached XP level 5. HP: 24/41 MP: 5/5
  2766 | D:4      | Found a snail-covered altar of Cheibriados.
  2863 | D:4      | Noticed an ogre
  2883 | D:4      | Mangled by an ogre

Illustrated notes

Levels and vault maps discovered:
D:1:      dpeg_arrival_tiny_j, layout_basic
D:2:      layout_loops_corners, basic_altar, minivault_26,
          chequers_serial_rivers_room_a
D:3:      layout_loops_corners, mainiacjoe_overflow_cross_hatched,
          corexii_item_surrounded_by_moat
D:4:      layout_cave_pools, kennysheep_slug_shrine,
          minmay_temple_entry_junction_2, dreamdust_wishing_well,
          serial_bayou_lagoon_b

Skill      XL: |  1  2  3  4 |
---------------+-------------+-----
Short Blades   | 3 4 5 |  5.3
Fighting       | |  3.0
Dodging        | |  2.6
Stealth        | |  1.7

Action                     |  1- 3 |  4- 6 || total
---------------------------+-------+-------++-------
  Melee: Short sword       |   162 |    68 ||   230
         Punch             |     2 |       ||     2
         Tailslap          |       |     8 ||     8
    Use: Potion            |       |     3 ||     3
   Stab: Sleeping          |     8 |     3 ||    11
         Distracted        |     1 |       ||     1
 Armour: Robe              |    40 |    12 ||    52
  Dodge: Dodged            |    96 |    31 ||   127

Table legend: (Time is in decaauts)
 A = Elapsed time spent in this place.
 B = Non-inter-level travel time spent in this place.
 C = Inter-level travel time spent in this place.
 D = Time resting spent in this place.
 E = Time spent auto-exploring this place.
 F = Levels seen in this place.
 G = Mean time per level.
                   A        B        C        D        E       F      G
               +--------+--------+--------+--------+--------+-----+--------+
         Total |   2838 |   2697 |    141 |     83 |   2066 |   4 |  709.5 |
       Dungeon |   2838 |   2697 |    141 |     83 |   2066 |   4 |  709.5 |
               +--------+--------+--------+--------+--------+-----+--------+

Top non-repeatable levels by time:
     D:2: 903 daAuts
     D:3: 848 daAuts
     D:1: 826 daAuts
     D:4: 260 daAuts
